 Dungeon Crawl Stone Soup version 0.23-b1-13-gf37ab262a9 (webtiles) character file.

Game seed: 14087091584857593776

1614 Peloso the Carver (level 8, -5/71 HPs)
             Began as a Minotaur Fighter on Feb 2, 2019.
             Slain by Harold
             ... wielding a +0 scimitar
              (21 damage)
             ... on level 6 of the Dungeon.
             The game lasted 00:08:27 (4483 turns).

Peloso the Carver (Minotaur Fighter)                Turns: 4483, Time: 00:08:27

Health: -5/71      AC: 11    Str: 21    XL:     8   Next: 64%
Magic:  7/7        EV:  7    Int:  5    God:
Gold:   280        SH: 10    Dex: 12    Spells: 7/7 levels left

rFire    . . .     SeeInvis .   a - +0 long sword
rCold    . . .     Gourm    .   c - +0 shield
rNeg     + . .     Faith    .   w - +0 chain mail
rPois    .         Spirit   .   (helmet restricted)
rElec    .         Reflect  .   t - +0 cloak
rCorr    .         Harm     .   (no gloves)
MR       +....                  (no boots)
Stlth    ..........             (no amulet)
HPRegen  0.21/turn              y - ring of protection from magic
MPRegen  0.10/turn              q - ring of positive energy

@: marked
A: retaliatory headbutt, horns 2
a: no special abilities


You were on level 6 of the Dungeon.
You were very hungry.

You visited 1 branch of the dungeon, and saw 7 of its levels.

You collected 280 gold pieces.

Inventory:

Hand Weapons
 a - a +0 long sword (weapon)
 o - a +0 trident of flaming
Armour
 b - a +0 scale mail
 c - a +0 shield (worn)
 t - a +0 cloak (worn)
 w - a +0 chain mail (worn)
Jewellery
 k - an uncursed ring of fire
 q - a ring of positive energy (right hand)
 x - an uncursed ring of positive energy
 y - a ring of protection from magic (left hand)
Wands
 z - a wand of random effects (24)
Scrolls
 e - 2 scrolls of magic mapping {unknown}
 g - 4 scrolls of teleportation {unknown}
 i - 4 scrolls of identify {unknown}
 j - a scroll of noise {unknown}
 m - 2 scrolls of amnesia {unknown}
 p - a scroll of remove curse {unknown}
 s - 2 scrolls of enchant weapon {unknown}
 v - a scroll of blinking {unknown}
 A - a scroll of fear {unknown}
 B - a scroll of silence {unknown}
Potions
 d - a potion of magic
 h - a potion of cancellation
 l - a potion of haste {unknown}
 r - a potion of brilliance {unknown}
 u - a potion of flight {unknown}
 C - a potion of degeneration {unknown}
Comestibles
 f - 13 rations


   Skills:
 + Level 6.4 Fighting
 + Level 8.4 Long Blades
 + Level 6.7 Armour
 + Level 2.8 Dodging
 + Level 0.4 Stealth
 + Level 6.9 Shields


You had 7 spell levels left.
You didn't know any spells.
Your spell library contained the following spells:

 Spells                   Type           Power        Failure   Level  Hunger
 Confusing Touch          Hex            #.....       100%        1    ##.....
 Flame Tongue             Conj/Fire      #....        100%        1    ##.....
 Throw Flame              Conj/Fire      #.....       100%        2    ###....
 Confuse                  Hex            #.......     100%        3    ####...
 Conjure Flame            Conj/Fire      #.......     100%        3    ####...
 Gell's Gravitas          Tloc           #.........   100%        3    ####...
 Inner Flame              Hex/Fire       #.......     100%        3    ####...
 Petrify                  Tmut/Erth      #.......     100%        4    #####..
 Sticky Flame             Conj/Fire      #.......     100%        4    #####..
 Fireball                 Conj/Fire      #.........   100%        5    ######.
 Metabolic Englaciation   Hex/Ice        #.........   100%        5    ######.
 Yara's Violent Unravell  Hex/Tmut       #.........   100%        5    ######.


Dungeon Overview and Level Annotations

Branches:
Dungeon (7/15)
 Temple: D:4-7

Altars:
Elyvilon
Fedhas
Gozag
Trog
Yredelemnul
The Shining One

Annotations:
D:6 Harold


Innate Abilities, Weirdness & Mutations

You reflexively headbutt those who attack you in melee.
You have a pair of horns on your head.


Message History

Harold is severely wounded.
Unknown command.
You hit Harold but do no damage. You headbutt Harold.
Harold is almost dead.
You block Harold's attack.
You hit Harold but do no damage.
Harold is almost dead.
Harold hits you with a +0 scimitar.
* * * LOW HITPOINT WARNING * * *
Your shield and chain mail prevent you from hitting Harold.
Harold is almost dead.
You block Harold's attack.
You slash Harold! Your headbutt misses Harold.
Harold is almost dead.
Harold gestures at you while chanting.
You barely resist. You hit Harold.
Harold is almost dead.
Harold hits you with a +0 scimitar!!
You die...

#.##............#........# ##.#
...##.....#.#............# #..
.P.##.##....#............## ##.
...#..##.#................## #.
#.##..##.#...........#.....# ##
...............÷.........#.#
......#.#####.....###......##
........###.................####
............#...@.###.....#....##
......#...###....@..............#
......#.#......♣♣♣...♣♣♣...♣♣♣..#
#.##.#..#..#..♣# #♣.♣# #♣.♣# #♣.#
..............♣ ♣♣♣ ♣♣♣ ♣.#
#.##..........♣# #♣.♣# #♣.♣# #♣..
#.##........#..♣♣♣...♣♣♣...♣♣♣...
#.##........#...............♣....
#.#....)....#..♣♣♣...♣♣♣...♣♣♣...


You could see Harold.

Vanquished Creatures
  Grinder (D:3)
  Sigmund (D:3)
  A sky beast (D:6)
  A centaur (D:5)
  2 eyes of draining (D:5)
  An ogre (D:6)
  A phantom (D:6)
  A scorpion (D:6)
  2 crimson imps
  A bullfrog zombie (D:5)
  A bullfrog skeleton (D:4)
  A hound (D:4)
  Crazy Yiuf (D:3)
  An iguana (D:6)
  Natasha (twice) (D:3)
  3 orc wizards
  5 worker ants
  Robin (D:2)
  7 adders
  3 gnolls (D:2)
  A shadow imp (D:6)
  An ooze (D:2)
  A worm (D:3)
  2 dart slugs
  4 leopard geckos
  24 orcs
  3 bats (D:2)
  10 giant cockroaches
  9 hobgoblins
  2 jackals (D:2)
  A kobold (D:2)
  3 quokkas
  A ball python (D:3)
  3 frilled lizards
  17 goblins
  A jackal skeleton (D:4)
  A leopard gecko skeleton (D:4)
  4 rats
125 creatures vanquished.

Notes
Turn   | Place    | Note
-------+----------+-------------------------------------------
     0 | D:1      | Peloso the Minotaur Fighter began the quest for the Orb.
     0 | D:1      | Reached XP level 1. HP: 19/19 MP: 0/0
   327 | D:1      | Reached XP level 2. HP: 17/27 MP: 1/1
   348 | D:1      | You fall through a shaft!
   529 | D:2      | Reached skill level 3 in Long Blades
   536 | D:2      | Noticed Robin
   543 | D:2      | Reached XP level 3. HP: 19/33 MP: 2/2
   548 | D:2      | Killed Robin
   579 | D:2      | Reached XP level 4. HP: 11/41 MP: 3/3
  1621 | D:3      | Noticed Sigmund
  1625 | D:3      | Noticed Grinder
  1628 | D:3      | Killed Sigmund
  1628 | D:3      | Reached skill level 5 in Fighting
  1628 | D:3      | Reached skill level 4 in Long Blades
  1628 | D:3      | Reached skill level 1 in Dodging
  1628 | D:3      | Reached XP level 5. HP: 37/48 MP: 4/4
  1628 | D:3      | Reached XP level 6. HP: 43/56 MP: 5/5
  1633 | D:3      | Killed Grinder
  1633 | D:3      | Reached skill level 5 in Long Blades
  1633 | D:3      | Reached skill level 5 in Shields
  1700 | D:3      | Found a runed translucent door.
  1701 | D:3      | Noticed Crazy Yiuf
  1965 | D:3      | Reached XP level 7. HP: 61/61 MP: 6/6
  1977 | D:3      | Noticed Natasha
  1985 | D:3      | Killed Natasha
  1985 | D:3      | Reached skill level 5 in Armour
  2118 | D:3      | Found a basalt altar of Yredelemnul.
  2127 | D:3      | Found a glowing golden altar of the Shining One.
  2129 | D:3      | Noticed an angel
  2317 | D:3      | Found a faded altar of an unknown god.
  2364 | D:3      | Found a blossoming altar of Fedhas.
  2471 | D:3      | Killed Crazy Yiuf
  2524 | D:3      | Noticed Natasha
  2532 | D:3      | Killed Natasha
  2693 | D:4      | Reached skill level 6 in Long Blades
  3352 | D:5      | Entered Level 5 of the Dungeon
  3484 | D:5      | Reached skill level 7 in Long Blades
  3575 | D:5      | Reached XP level 8. HP: 67/70 MP: 7/7
  3751 | D:5      | Found a bloodstained altar of Trog.
  3968 | D:6      | Got a slimy war axe
  4038 | D:6      | Found a white marble altar of Elyvilon.
  4083 | D:6      | Reached skill level 8 in Long Blades
  4280 | D:6      | Found an opulent altar of Gozag.
  4435 | D:7      | Noticed Harold
  4483 | D:6      | Slain by Harold

Skill      XL: |  1  2  3  4  5  6  7  8 |
---------------+-------------------------+-----
Fighting       | 4 5 6 |  6.4
Long Blades    | 3 4 5 7 8 |  8.4
Armour         | 4 5 6 |  6.7
Shields        | 4 5 6 |  6.9
Dodging        | 1 2 |  2.8
Stealth        | |  0.4

Action                   |  1- 3 |  4- 6 |  7- 9 || total
-------------------------+-------+-------+-------++-------
Melee: Long sword        |    87 |    69 |   288 ||   444
       Headbutt          |    12 |    17 |    66 ||    95
  Use: Potion            |       |     1 |     4 ||     5
  Eat: Chunk             |       |     3 |     8 ||    11
Armor: Scale mail        |    35 |    24 |    15 ||    74
       Chain mail        |       |       |    64 ||    64
Dodge: Dodged            |    37 |    12 |    62 ||   111
Block: Shield            |    54 |    30 |   127 ||   211
       Rpst.: Long sword |    10 |     1 |    14 ||    25
